 Dungeon Crawl Stone Soup version 0.18.1-6-gd335043 (webtiles) character file.

624 oplop the Covert (level 7, -2/52 HPs)
             Began as a Vampire Assassin on May 20, 2016.
             Slain by Duvessa
             ... wielding a +2 short sword of speed
              (6 damage)
             ... on level 4 of the Dungeon.
             The game lasted 00:06:04 (3443 turns).

oplop the Covert (Vampire Assassin)                 Turns: 3443, Time: 00:06:05

Health: -2/52      AC:  4    Str: 10    XL:     7   Next: 22%
Magic:  7/7        EV: 14    Int: 14    God:
Gold:   242        SH:  0    Dex: 17    Spells: 0 memorised, 6 levels left

rFire  . . .     SeeInvis +     a - +2 dagger
rCold  . . .     Gourm    .     c - +0 robe
rNeg   + . .     Faith    .     (no shield)
rPois  .         Spirit   .     (no helmet)
rElec  .         Dismiss  .     n - +1 cloak
rCorr  .         Reflect  .     (no gloves)
SustAt .         Harm     .     (no boots)
MR     .....                    (no amulet)
Stlth  ++........               (no ring)
                                (no ring)

@: glowing, not resistant to hostile enchantments, unstealthy
A: fangs 3, see invisible, unbreathing
a: Bat Form


You were on level 4 of the Dungeon.
You were not thirsty.

You visited 1 branch of the dungeon, and saw 6 of its levels.

You collected 265 gold pieces.
You spent 23 gold pieces at shops.

Inventory:

Hand Weapons
 a - a +2 dagger (weapon)
 b - a +0 blowgun
Missiles
 e - 2 poisoned needles
 f - 2 curare-tipped needles
Armour
 c - a +0 robe (worn)
 n - a +1 cloak (worn)
Jewellery
 d - an uncursed ring of flight {unknown}
 o - an uncursed ring of poison resistance {unknown}
 p - an uncursed amulet of dismissal {unknown}
 u - an uncursed ring of flight {unknown}
Wands
 w - a wand of slowing (18/48)
 F - a wand of flame (36/48)
 G - a wand of paralysis (14/24)
Scrolls
 h - a scroll of fog {unknown}
 i - 4 scrolls of remove curse {unknown}
 k - 2 scrolls of identify {unknown}
 q - 3 scrolls of enchant armour {unknown}
 r - a scroll of teleportation {unknown}
 s - a scroll of immolation {unknown}
 t - 2 scrolls of amnesia {unknown}
 x - a scroll of recharging {unknown}
 y - a scroll of blinking {unknown}
Potions
 g - 3 potions of blood
 j - 4 potions of flight {unknown}
 m - a potion of curing {unknown}
 v - a potion of lignification {unknown}
 z - a potion of cancellation {unknown}
 A - a potion of haste {unknown}
 B - a potion of agility {unknown}
 C - 2 potions of brilliance {unknown}
 D - 2 potions of degeneration {unknown}
 H - a potion of heal wounds {unknown}
Books
 E - a book of Cantrips

   Spells                             Type                      Level
   a - Corona                         Hexes                        1
   b - Animate Skeleton               Necromancy                   1
   c - Summon Small Mammal            Summoning                    1
   d - Apportation                    Translocation                1


   Skills:
 + Level 3.3 Fighting
 + Level 4.5 Short Blades
 + Level 3.1 Throwing
 + Level 3.8 Dodging
 + Level 8.2 Stealth


You had 6 spell levels left.
You didn't know any spells.

Dungeon Overview and Level Annotations

Branches:
Dungeon (6/15)
 Temple: D:4-7

Altars:
Dithmenos
Fedhas
Gozag
Okawaru
Sif Muna
Yredelemnul

Shops:
D:5 *

Annotations:
D:4 Dowan, Duvessa


Innate Abilities, Weirdness & Mutations

You have razor-sharp teeth.
You have supernaturally acute eyesight.
You can survive without breathing.


Message History

Duvessa hits you with a short sword of speed!
* * * LOW HITPOINT WARNING * * *
Dowan misses you.
Duvessa hits you with a short sword of speed.
* * * LOW HITPOINT WARNING * * *
Dowan hits you but does no damage. Duvessa closely misses you.
Dowan points at you and mumbles some strange words.
You are outlined in light.
The hound barks!
Duvessa misses you. Dowan closely misses you.
You feel less invigorated.
You feel less confused. The hound bites you.
Duvessa hits you with a short sword of speed!
* * * LOW HITPOINT WARNING * * *
The hound bites you.
* * * LOW HITPOINT WARNING * * *
Duvessa hits you with a short sword of speed.
You die...

....... ......#
##.....##
#.......#
#.......#
#.......#
###### #h....#
..(..#### #@e.#
####....# #e###
####e### ###.#
#...# #...#
###.####.######
#>e..e......#
##รท.........#
#..........#
#.........<#


You could see Duvessa, Dowan and a hound.

Vanquished Creatures
  Sigmund (D:5)
  A black bear (D:6)
  An ogre (D:6)
  A giant frog (D:6)
  A giant frog skeleton (D:6)
  A hound (D:5)
  2 hound skeletons
  3 adders
  A shadow imp (D:5)
  An adder zombie (D:6)
  A worm (D:2)
  2 dart slugs
  A giant gecko (D:3)
  7 orcs (D:3)
  3 ball pythons (D:2)
  2 giant cockroaches
  6 hobgoblins
  11 kobolds
  3 quokkas
  12 bats
  A giant gecko skeleton (D:4)
  4 giant newts
  7 goblins
  7 rats
80 creatures vanquished.

Notes
Turn   | Place    | Note
--------------------------------------------------------------
     0 | D:1      | oplop the Vampire Assassin began the quest for the Orb.
     0 | D:1      | Reached XP level 1. HP: 16/16 MP: 1/1
   103 | D:1      | Reached skill level 6 in Stealth
   255 | D:1      | Reached XP level 2. HP: 22/22 MP: 2/2
  1184 | D:2      | Reached XP level 3. HP: 27/27 MP: 3/3
  1633 | D:2      | Found a blossoming altar of Fedhas.
  1633 | D:2      | Found a shadowy altar of Dithmenos.
  1728 | D:2      | Found an iron altar of Okawaru.
  1803 | D:2      | Found a basalt altar of Yredelemnul.
  1971 | D:3      | Reached XP level 4. HP: 25/33 MP: 4/4
  2550 | D:4      | Noticed Duvessa
  2550 | D:4      | Noticed Dowan
  2581 | D:5      | Entered Level 5 of the Dungeon
  2612 | D:5      | Reached XP level 5. HP: 9/39 MP: 5/5
  2653 | D:5      | Reached skill level 7 in Stealth
  2750 | D:5      | Found Noanaps's Assorted Antiques.
  2756 | D:5      | Bought a murky coppery potion for 23 gold pieces
  2797 | D:5      | Found an opulent altar of Gozag.
  2797 | D:5      | Found a deep blue altar of Sif Muna.
  2893 | D:5      | Noticed a phantom
  3042 | D:6      | Noticed an ogre
  3081 | D:6      | Killed an ogre
  3186 | D:6      | Reached XP level 6. HP: 37/46 MP: 6/6
  3371 | D:5      | Noticed Sigmund
  3379 | D:5      | Killed Sigmund
  3379 | D:5      | Reached skill level 8 in Stealth
  3379 | D:5      | Reached XP level 7. HP: 19/52 MP: 7/7
  3443 | D:4      | Slain by Duvessa

Skill      XL: |  1  2  3  4  5  6 |
---------------+-------------------+-----
Stealth        | 6 7 8 |  8.2
Dodging        | 2 3 |  3.8
Fighting       | 2 3 |  3.3
Throwing       | 2 3 |  3.1
Short Blades   | 3 4 |  4.5

Action                   |  1- 3 |  4- 6 |  7- 9 || total
-------------------------+-------+-------+-------++-------
Melee: Dagger            |   115 |   139 |     3 ||   257
       Bite              |    11 |    13 |       ||    24
 Fire: Blowgun           |       |    24 |       ||    24
 Abil: End Transformatio |       |       |     1 ||     1
       Bat Form          |       |       |     1 ||     1
  Use: Potion            |       |       |     1 ||     1
 Stab: Sleeping          |    23 |     8 |       ||    31
       Distracted        |     1 |       |       ||     1
  Eat: Corpse            |     4 |     2 |     1 ||     7
Armor: Robe              |    24 |    31 |       ||    55
Dodge: Dodged            |    58 |   104 |     5 ||   167
